 Dungeon Crawl Stone Soup version 0.28-a0-1159-g27aa881441 (webtiles) character file.

Game seed: 199682222689209613

52 ytrimaz the Insei (level 3, 0/23 HPs)
             Began as an Octopode Transmuter on Dec 15, 2021.
             Slain by a frilled lizard (2 damage)
             ... on level 2 of the Dungeon.
             The game lasted 00:00:57 (1731 turns).

ytrimaz the Insei (Octopode Transmuter)             Turns: 1731, Time: 00:00:58

Health: 0/23       AC:  1    Str:  9    XL:     3   Next: 85%
Magic:  15/15      EV: 13    Int: 17    God:
Gold:   115        SH:  0    Dex: 12    Spells: 3/6 levels left

rFire   . . .      SeeInvis .     - Unarmed
rCold   + . .      Faith    .   (no shield)
rNeg    . . .      Spirit   .   (helmet restricted)
rPois   .          Reflect  .   (no amulet)
rElec   .          Harm     .   b - ring of protection from cold
rCorr   .          Rampage  .   a - ring of magical power
Will    .....                   (no ring)
Stlth   ++........              (no ring)
HPRegen 0.07/turn               (no ring)
MPRegen 0.14/turn               (no ring)
                                (no ring)
                                (no ring)

@: no status effects
A: almost no armour, amphibious, 8 rings, camouflage 1, gelatinous body 1,
(nimble swimmer 1), tentacles
a: no special abilities


You were on level 2 of the Dungeon.
You visited 1 branch of the dungeon, and saw 2 of its levels.

You collected 115 gold pieces.

Inventory:

Jewellery
 a - a ring of magical power (right tentacle)
 b - a ring of protection from cold (left tentacle)


   Skills:
 * Level 1.5 Fighting
 * Level 2.4 Dodging
 + Level 3.4 Unarmed Combat
 * Level 2.4 Spellcasting
 * Level 2.5 Transmutations


You had 3 spell levels left.
You knew the following spells:

 Your Spells              Type           Power      Damage    Failure   Level
a - Beastly Appendage     Tmut           20%        N/A       6%          1
b - Wereblood             Tmut           10%        N/A       10%         2

Your spell library contained the following spells:

 Spells                   Type           Power      Damage    Failure   Level
 Summon Small Mammal      Summ           8%         N/A       19%         1
 Spider Form              Tmut/Pois      6%         N/A       32%         3
 Call Canine Familiar     Summ           2%         N/A       50%         3
 Summon Guardian Golem    Hex/Summ       2%         N/A       50%         3
 Ice Form                 Ice/Tmut       6%         N/A       73%         4


Dungeon Overview and Level Annotations

Branches:
Dungeon (2/15)

Altars:


Innate Abilities, Weirdness & Mutations

You cannot wear most types of armour.
You are amphibious.
You can wear up to eight rings at the same time.
Your skin changes colour to match your surroundings (Stealth+).
Your rubbery body absorbs attacks. (AC +1, EV +1)
((You are camouflaged near water. (Stealth+)))
You have tentacles for arms and can constrict up to eight enemies at once.


Message History

You constrict Terence. Terence barely misses you.
You tentacle-slap Terence but do no damage.
You pierce Terence, but do no damage.
Terence is almost dead.
You constrict Terence, but do no damage.
Terence hits you with a +0 short sword!
* * * LOW HITPOINT WARNING * * *
Unknown command.
You tentacle-slap Terence but do no damage.
You pierce Terence, but do no damage.
Terence is almost dead.
You constrict Terence. Terence closely misses you.
Unknown command.
You tentacle-slap Terence but do no damage.
You pierce Terence.
You kill Terence!
The frilled lizard closely misses you. The frilled lizard barely misses you.
Unknown command.
The frilled lizard barely misses you.
Your tentacle spike disappears.
Found a stone staircase leading down.
The frilled lizard hisses.
You open the door. The frilled lizard closely misses you.
There is an open door here.
You miss the frilled lizard. Your grab misses the frilled lizard.
The frilled lizard bites you.
* * * LOW HITPOINT WARNING * * *
You barely miss the frilled lizard. Your grab misses the frilled lizard.
The frilled lizard hisses.
The frilled lizard bites you.
* * * LOW HITPOINT WARNING * * *
You miss the frilled lizard. You grab the frilled lizard.
You constrict the frilled lizard.
You kill the frilled lizard!
You tentacle-slap the frilled lizard.
You kill the frilled lizard!
Unknown command.
You barely miss the frilled lizard. Your grab misses the frilled lizard.
The frilled lizard bites you.
You die...

...........#.............#
...........#.............#
...........#.............#
...........#.............#
..##.....###.............###
.. #.....# #...............#
#.....# #.............#.#
.#.....###.............#.#
#........l@.............#.#
##......###.............#.#
#......# #.#.#.#######.#.#
#......###.#.#.#######.#.#
#.>....+......<...........
##.....###.#.#.#######.#.#
#.##### #.#.#.# #.#.# #.
#.#.#.# #.#.#
.#######.....#######.#.#


You could see a frilled lizard.

Vanquished Creatures
  Terence (D:2)
  A dart slug (D:2)
  2 ball pythons (D:1)
  3 bats (D:1)
  3 endoplasms (D:1)
  2 goblins
  2 hobgoblins (D:1)
  2 kobolds (D:1)
  3 quokkas (D:1)
  3 frilled lizards
  A rat (D:1)
23 creatures vanquished.

Notes
Turn   | Place    | Note
-------+----------+-------------------------------------------
     0 | D:1      | ytrimaz the Octopode Transmuter began the quest for the
                  | Orb.
     0 | D:1      | Reached XP level 1. HP: 13/13 MP: 3/3
   336 | D:1      | Found a faded altar of an unknown god.
   443 | D:1      | Reached XP level 2. HP: 18/18 MP: 3/5
   617 | D:1      | Learned a level 2 spell: Wereblood
  1519 | D:2      | Reached XP level 3. HP: 20/23 MP: 4/6
  1697 | D:2      | Noticed Terence
  1711 | D:2      | Killed Terence
  1731 | D:2      | Slain by a frilled lizard

Illustrated notes

Levels and vault maps discovered:
D:1:      matt_arrival_los_fun, layout_loops_cross,
          ebering_ecumenical_altar_petrified
D:2:      minmay_chambers_of_twos, layout_basic, basic_altar,
          minmay_lizard_pond, uniq_terence, uniq_jessica

Action                   || total
-------------------------++-------
Melee: Unarmed           ||    61
       Constrict         ||    11
       Kick              ||    11
       Punch             ||     2
       Tentacles         ||     5
 Cast: Beastly Appendage ||    17
  Use: Scroll            ||     1
 Stab: Sleeping          ||     4
Armor: Skin              ||     3
Dodge: Dodged            ||    42

Table legend: (Time is in decaauts)
 A = Elapsed time spent in this place.
 B = Non-inter-level travel time spent in this place.
 C = Inter-level travel time spent in this place.
 D = Time resting spent in this place.
 E = Time spent auto-exploring this place.
 F = Levels seen in this place.
 G = Mean time per level.
                   A        B        C        D        E       F      G
               +--------+--------+--------+--------+--------+-----+--------+
         Total |   1725 |   1679 |     46 |      0 |   1465 |   2 |  862.5 |
       Dungeon |   1725 |   1679 |     46 |      0 |   1465 |   2 |  862.5 |
               +--------+--------+--------+--------+--------+-----+--------+

Top non-repeatable levels by time:
     D:1: 1479 daAuts
     D:2: 245 daAuts
